AoeStats
← CalvaroLDS

Arena

510383086Analyzed
4v4 RM · 24h ago on Sep 30, 2026· 39m 54s· 8 players
Game mode
Random Map
Map size
Large (8 player)
Population
200
Speed
Normal
Resources
Standard
Victory
Conquest
Starting age
Dark Age
Ending age
Imperial Age
RankedLock teamsTeams togetherTeam positionsShared explorationLock speedFull tech treeHidden civsTurbo modeCheats
Victory
Defeat
🇨🇳 Franks · China
1200
+15
🇦🇷 Maya · Argentina
1192
+15
🇧🇪 Magyars · Belgium
1175
+16
🇸🇪 Britons · Sweden
1132
+17
🇵🇹 Khmer · Portugal
1389
-23
🇲🇿 Turks · Mozambique
1264
-20
🇲🇿 Varangians · Mozambique
1065
-12
🇲🇿 Bohemians · Mozambique
950
-8
BúffaloTincho
0:26 Loom
10:47 Feudal Age
11:40 Double-Bit Axe
15:07 Castle Age
14:15 Horse Collar
16:16 Bow Saw
16:03 Stone Mining
20:45 Gold Mining
23:56 Ballistics
25:11 Fletching
25:28 Padded Archer Armor
28:06 Wheelbarrow
27:19 Town Watch
28:10 Bodkin Arrow
28:31 Leather Archer Armor
31:55 Imperial Age
30:34 Forging
30:24 Scale Mail Armor
30:36 Masonry
29:56 Pikeman
30:38 Squires
32:41 Bracer
33:44 Chemistry
32:19 Elite Plumed Archer
33:22 Conscription
33:35 Ring Archer Armor
33:33 Chain Mail Armor
33:53 Iron Casting
33:45 Hand Cart
33:29 Halberdier
35:59 Plate Mail Armor
40:54 Blast Furnace
39:52 Murder Holes
40:08 Hul'che Javelineers
40:43 Hoardings
Superhoops
10:44 Feudal Age
15:04 Castle Age
13:53 Double-Bit Axe
14:30 Horse Collar
16:50 Bow Saw
24:00 Wheelbarrow
23:52 Heavy Plow
23:54 Fletching
24:05 Padded Archer Armor
24:55 Bodkin Arrow
24:23 Crossbowman
28:39 Pikeman
鱼鱼
9:45 Feudal Age
13:29 Castle Age
11:34 Double-Bit Axe
15:24 Wheelbarrow
15:57 Bow Saw
22:19 Hand Cart
23:33 Stone Mining
24:57 Gold Mining
27:19 Gold Shaft Mining
29:57 Imperial Age
27:40 Scale Barding Armor
28:22 Forging
28:25 Husbandry
28:47 Chain Barding Armor
29:57 Cavalier
30:42 Chivalry
31:03 Conscription
31:19 Plate Barding Armor
32:03 Iron Casting
31:28 Loom
31:29 Town Watch
31:32 Paladin
34:38 Blast Furnace
37:49 Pikeman
38:30 Squires
38:31 Scale Mail Armor
sabin_schy
12:22 Feudal Age
12:50 Horse Collar
12:57 Double-Bit Axe
17:21 Castle Age
16:56 Stone Mining
16:58 Gold Mining
18:18 Bow Saw
18:11 Heavy Plow
20:42 Wheelbarrow
20:46 Gold Shaft Mining
22:23 Hand Cart
24:48 Loom
26:48 Corvinian Army
27:35 Scale Barding Armor
28:13 Bloodlines
28:04 Husbandry
28:55 Masonry
29:37 Chain Barding Armor
30:20 Padded Archer Armor
30:13 Fletching
33:03 Imperial Age
31:49 Bodkin Arrow
31:38 Treadmill Crane
34:23 Plate Barding Armor
33:49 Bracer
34:22 Crop Rotation
34:55 Two-Man Saw
34:56 Ballistics
35:37 Chemistry
34:43 Siege Engineers
35:13 Recurve Bow
34:34 Elite Magyar Huszar
35:38 Conscription
35:54 Hoardings
35:37 Padded Archer Armor
36:56 Leather Archer Armor
36:39 Murder Holes
37:22 Heavy Cavalry Archer
38:27 Parthian Tactics
38:08 Thumb Ring
38:36 Ring Archer Armor
38:44 Guard Tower
Ociru3
10:31 Feudal Age
8:47 Loom
14:17 Castle Age
13:27 Double-Bit Axe
13:23 Horse Collar
21:23 Wheelbarrow
28:34 Imperial Age
26:22 Bow Saw
26:13 Heavy Plow
26:17 Scale Mail Armor
26:28 Forging
26:27 Squires
26:19 Arson
26:06 Pikeman
29:34 Chain Mail Armor
29:56 Iron Casting
29:11 Fletching
29:26 Padded Archer Armor
28:51 Halberdier
30:58 Plate Mail Armor
30:16 Elite Skirmisher
31:30 Gold Mining
32:16 Bodkin Arrow
32:55 Ballistics
32:50 Fortified Wall
34:37 Blast Furnace
33:55 Leather Archer Armor
34:44 Conscription
34:59 Elite Varangian Guard
HunterX
12:24 Feudal Age
13:42 Double-Bit Axe
13:41 Horse Collar
16:25 Castle Age
16:17 Gold Mining
20:38 Imperial Age
18:57 Bow Saw
20:02 Padded Archer Armor
22:09 Loom
28:23 Town Watch
29:53 Leather Archer Armor
35:57 Wheelbarrow
35:35 Stone Mining
39:22 Heavy Plow
CalvaroLDS
Ora Viva
11:43 Feudal Age
14:26 Castle Age
12:15 Double-Bit Axe
12:11 Horse Collar
16:13 Bow Saw
17:29 Wheelbarrow
17:18 Heavy Plow
20:06 Forging
20:05 Scale Barding Armor
21:34 Hand Cart
21:56 Bloodlines
22:50 Chain Barding Armor
22:31 Loom
24:51 Gold Mining
25:53 Husbandry
26:41 Forging
28:10 Gold Shaft Mining
27:25 Stone Mining
31:55 Imperial Age
30:32 Iron Casting
31:13 Stone Shaft Mining
32:00 Cavalier
33:16 Plate Barding Armor
32:07 Elite Battle Elephant
34:13 Blast Furnace
34:46 Conscription
34:27 Tusk Swords
36:01 Crop Rotation
39:25 Double Crossbow
38:45 Elite Ballista Elephant
Connection lost

Rejoining the realm…

Still unreachable

The connection could not be restored.

Session expired

The server has moved on; the page needs a fresh start.